 Dungeon Crawl Stone Soup version 0.27-a0-58-g0ec5f8ab93 (webtiles) character file.

Game seed: 4727625100677734352

20 Morbidden the Sneak (level 2, -1/15 HPs)
             Began as a Vine Stalker Brigand on Jan 8, 2021.
             Was an Initiate of Okawaru.
             Hit by a stone thrown by a kobold (2 damage)
             ... on level 1 of the Dungeon.
             The game lasted 00:01:04 (896 turns).

Morbidden the Sneak (Vine Stalker Brigand)           Turns: 896, Time: 00:01:05

Health: -1/15      AC:  3    Str: 13    XL:     2   Next: 79%
Magic:  0/4        EV: 11    Int: 11    God:    Okawaru [......]
Gold:   34         SH:  0    Dex: 15    Spells: 2/2 levels left

rFire    . . .     SeeInvis .   m - +2 whip (venom)
rCold    . . .     Faith    .   (no shield)
rNeg     + . .     Spirit   +   b - +0 robe
rPois    .         Reflect  .   (no helmet)
rElec    .         Harm     .   c - +0 cloak
rCorr    .         Rampage  .   (no gloves)
Will     .....                  (no boots)
Stlth    +++.......             (no amulet)
HPRegen  0.05/turn              g - ring of positive energy
MPRegen  0.09/turn              (no ring)

@: no status effects
A: fangs 2, magic shield, antimagic bite, no potion heal 3
a: Renounce Religion


You were on level 1 of the Dungeon.
You worshipped Okawaru.
Okawaru was noncommittal.
You visited 1 branch of the dungeon, and saw 1 of its levels.

You collected 34 gold pieces.

Inventory:

Hand Weapons
 a - a +2 dagger
 m - a +2 whip of venom (weapon)
Missiles
 d - 8 poisoned darts (quivered)
 e - 2 curare-tipped darts
Armour
 b - a +0 robe (worn)
 c - a +0 cloak (worn)
Jewellery
 g - a ring of positive energy (left hand)
Scrolls
 f - a scroll of identify {unknown}
 h - 2 scrolls of amnesia {unknown}
 k - a scroll of remove curse {unknown}
 l - a scroll of magic mapping {unknown}
Potions
 i - 2 potions of cancellation {unknown}
 j - 2 potions of haste {unknown}


   Skills:
 * Level 1.8 Fighting
 + Level 1.8 Short Blades
 + Level 1.7 Throwing
 + Level 0.8 Dodging
 + Level 5.5 Stealth
 * Level 0.9 Spellcasting


You had 2 spell levels left.
You didn't know any spells.
Your spell library was empty.

Dungeon Overview and Level Annotations

Branches:
Dungeon (1/15)

Altars:
Okawaru


Innate Abilities, Weirdness & Mutations

You have extremely sharp teeth.
When hurt, damage is shared between your health and your magic reserves.
Your bite disrupts and absorbs the magic of your enemies.
Potions cannot restore your health.


Message History

You closely miss the bat. Your bite misses the bat.
The bat completely misses you. The kobold hits you with a +0 dagger.
The kobold hits you but does no damage. The kobold hits you with a +0 dagger.
You barely miss the kobold. Your bite misses the kobold. The bat hits you.
The kobold hits you with a +0 short sword.
* * * LOW HITPOINT WARNING * * *
The kobold hits you with a +0 dagger.
* * * LOW HITPOINT WARNING * * *
You are too injured to fight recklessly!
You are too injured to fight recklessly!
You are too injured to fight recklessly!
You are too injured to fight recklessly!
Unknown command.
Unknown command.
The kobold barely misses you.
Unknown command.
Unknown command.
Unknown command.
The bat closely misses you.
The kobold throws a stone.
The stone hits you.
You die...

.#.# #######...#
.......#.#
####.......#
...........#
#.......#
#..KKK#.# ###
#..#.##.# ## ...
###...b@#.# ..
...#.........# ##
#.#.#(.$....#
#...((......#
###.........#
#.#####....)#...#
#..........###..#
######.#...#...#
#†#.#...#.#


You could see a bat and 2 kobolds.

Vanquished Creatures
  A dart slug (D:1)
  A leopard gecko (D:1)
  A giant cockroach (D:1)
  5 goblins (D:1)
  A hobgoblin (D:1)
  2 bats (D:1)
  2 frilled lizards (D:1)
  5 kobolds (D:1)
18 creatures vanquished.

Notes
Turn   | Place    | Note
-------+----------+-------------------------------------------
     0 | D:1      | Morbidden the Vine Stalker Brigand began the quest for the
                  | Orb.
     0 | D:1      | Reached XP level 1. HP: 11/11 MP: 2/2
     8 | D:1      | Reached skill level 5 in Stealth
   231 | D:1      | Reached XP level 2. HP: 10/15 MP: 1/3
   343 | D:1      | Found an iron altar of Okawaru.
   385 | D:1      | Became a worshipper of Warmaster Okawaru
   896 | D:1      | Hit by a stone thrown by a kobold

Illustrated notes

Levels and vault maps discovered:
D:1:      minmay_arrival_arboretum_small, layout_loops_ring,
          chequers_serial_rivers_room_b, chequers_decorated_corner,
          okawaru_ov_weapons_minmay

Skill      XL: |  1 |
---------------+----+-----
Stealth        | 5 |  5.5
Fighting       | |  1.8
Short Blades   | |  1.8
Throwing       | |  1.7
Dodging        | |  0.8
Spellcasting   | |  0.9

Action                   || total
-------------------------++-------
Melee: Dagger            ||    41
       Bite              ||     9
       Whip              ||     3
Throw: Dart              ||     1
 Stab: Sleeping          ||     6
Armor: Robe              ||     4
Dodge: Dodged            ||    22

Table legend: (Time is in decaauts)
 A = Elapsed time spent in this place.
 B = Non-inter-level travel time spent in this place.
 C = Inter-level travel time spent in this place.
 D = Time resting spent in this place.
 E = Time spent auto-exploring this place.
 F = Levels seen in this place.
 G = Mean time per level.
                   A        B        C        D        E       F      G
               +--------+--------+--------+--------+--------+-----+--------+
         Total |    892 |    892 |      0 |      0 |    766 |   1 |  892.0 |
       Dungeon |    892 |    892 |      0 |      0 |    766 |   1 |  892.0 |
               +--------+--------+--------+--------+--------+-----+--------+

Top non-repeatable levels by time:
     D:1: 892 daAuts
